 Dungeon Crawl Stone Soup version 0.29.1-15-g9cfb28693d (webtiles) character file.

Game seed: 2390783418982432657

167 kingofthe the Sneak (level 5, -4/24 HPs)
             Began as a Spriggan Enchanter on Mar 13, 2023.
             Killed by divine providence
             ... invoked by an orc priest
              (15 damage)
             ... on level 3 of the Dungeon.
             The game lasted 00:07:42 (3246 turns).

kingofthe the Sneak (Spriggan Enchanter)            Turns: 3246, Time: 00:07:42

Health: -4/24      AC:  2    Str:  4    XL:     5   Next: 23%
Magic:  0/11       EV: 21    Int: 16    God:
Gold:   212        SH:  0    Dex: 24    Spells: 9/11 levels left

rFire   . . .      SeeInvis +   a - +0 dagger (venom)
rCold   . . .      Faith    .   (no shield)
rNeg    . . .      Spirit   +   m - +0 robe
rPois   .          Reflect  .   (helmet restricted)
rElec   .          Harm     .   (no cloak)
rCorr   .          Rampage  .   (gloves unavailable)
Will    .....                   (boots unavailable)
Stlth   ++++......              t - amulet of guardian spirit
HPRegen 0.08/turn               D - +6 ring of dexterity
MPRegen 0.12/turn               (no ring)

@: very quick
A: very small, no large weapons, unfitting armour, see invisible, speed 3
a: no special abilities


You were on level 3 of the Dungeon.
You visited 1 branch of the dungeon, and saw 3 of its levels.

You collected 212 gold pieces.


Innate Abilities, Weirdness & Mutations

You are very small and have problems with some larger weapons.
You are too small for most types of armour.
You have supernaturally acute eyesight. (SInv)
You cover ground extremely quickly. (Speed+++)


   Skills:
 + Level 1.9 Short Blades
 + Level 4.6 Dodging
 + Level 6.3 Stealth
 * Level 3.5 Spellcasting
 * Level 4.3 Hexes


You had 9 spell levels left.
You knew the following spells:

 Your Spells              Type           Power      Damage    Failure   Level
a - Ensorcelled Hibernat  Hex/Ice        18%        N/A       11%         2

Your spell library contained the following spells:

 Spells                   Type           Power      Damage    Failure   Level
 Confusing Touch          Hex            16%        N/A       9%          3
 Tukima's Dance           Hex            16%        N/A       9%          3
 Dazzling Flash           Conj/Hex       18%        N/A       22%         3
 Static Discharge         Conj/Air       2%         3-4/arc   26%         2
 Dispel Undead            Necr           2%         3d7       87%         4
 Sticky Flame             Conj/Fire      2%         2d3       87%         4

Inventory:

Hand Weapons
 a - a +0 dagger of venom (weapon)
 b - a +2 rapier of protection
 j - a +1 dagger
 q - a +3 short sword
Armour
 m - a +0 robe (worn)
Jewellery
 t - an amulet of guardian spirit (around neck)
 D - a +6 ring of dexterity (left hand)
Wands
 n - a wand of roots (6)
 r - a wand of polymorph (10)
Scrolls
 e - 3 scrolls of fear {unknown}
 f - 2 scrolls of noise {unknown}
 g - a scroll of magic mapping {unknown}
 l - a scroll of identify {unknown}
 o - a scroll of torment {unknown}
 p - a scroll of poison {unknown}
Potions
 c - 2 potions of invisibility
 d - a potion of heal wounds {unknown}
 h - 2 potions of lignification {unknown}
 i - 2 potions of brilliance {unknown}
 k - a potion of degeneration {unknown}
 s - a potion of might {unknown}
 u - a potion of curing {unknown}

Dungeon Overview and Level Annotations

Branches:
Dungeon (3/15)

Altars:

*,*,*,* *,,, *,*,*,***** *,,*
######## *,*,,,,,,,* *,,*
#########......# *,,,,,***,***,,,
#......##.####.# ***,*,,,*,**,,,,
#.####.##.####.#*##*,,,*,,,,,,,,,
#.##........##<##.##,*,,,*,**,*,*
#.......#.#.##.#...#.###**,**,,,*
...#.#.)#.#....)@o......,,,**,***
........#......#...#####*****,,,,
.....##.#########.##*** **,***
#..####.# *,...,,* *,,,*
..)####.#######*,o.##,* *,,,*
...............,,..#*,* *,,,*
.#[###........#*,...,,******,,,**
...# #.......<#*,....,**,,,,,,,,,
#.## #........#*,*,,,,,,,,,,,,,,,


You could see an orc priest (very poisoned) and an orc.


Message History

The orc priest calls down the wrath of Beogh upon you.
Pain shoots through your body!
* * * LOW HITPOINT WARNING * * *
You have reached level 5!
You feel agile.
Casting: Ensorcelled Hibernation (safe; 12% risk of failure)
Confirm with . or Enter, or press ? or * to list all spells.
Aiming: Ensorcelled Hibernation (safe; 12% risk of failure)
Press: ? - help, Shift-Dir - straight line, f - orc priest
Aim: an orc priest, wielding a +0 flail and wearing a +0 leather armour (chance to affect: 43%)
The orc priest resists with some effort.
Casting: Ensorcelled Hibernation (safe; 12% risk of failure)
Confirm with . or Enter, or press ? or * to list all spells.
Aiming: Ensorcelled Hibernation (safe; 12% risk of failure)
Press: ? - help, Shift-Dir - straight line, f/p - orc priest
Aim: an orc priest, wielding a +0 flail and wearing a +0 leather armour (chance to affect: 43%)
The orc priest looks drowsy...
You are too injured to fight recklessly!
You see here a +0 hand axe.
The helpless orc priest fails to defend itself.
You impale the orc priest!!
You kill the orc priest!
The orc priest shouts!
You hit the orc priest.
The orc priest is poisoned.
The orc priest is lightly wounded.
You hear a shout!
The orc priest mumbles some strange prayers to Beogh against you.
Beogh smites you!
Ouch! That really hurt!
You die...

Skill      XL: |  1  2  3  4 |
---------------+-------------+-----
Dodging        | 3 4 |  4.6
Stealth        | 5 6 |  6.3
Spellcasting   | 3 |  3.5
Hexes          | 4 |  4.3
Short Blades   | |  1.9

Action                   |  1- 3 |  4- 6 || total
-------------------------+-------+-------++-------
Melee: Dagger            |   119 |    33 ||   152
       Punch             |     4 |       ||     4
 Cast: Ensorcelled Hiber |     1 |     6 ||     7
 Stab: Sleeping          |    16 |     8 ||    24
       Distracted        |     2 |       ||     2
Armor: Robe              |     6 |     2 ||     8
Dodge: Dodged            |    70 |    22 ||    92

Levels and vault maps discovered:
D:1:      dpeg_arrival_shelter, layout_basic,
          hellmonk_ecumenical_altar_inner_sanctum
D:2:      layout_loops_cross, minmay_pentomino_p4
D:3:      minmay_chambers_of_twos, layout_loops_cross

Notes
Turn   | Place    | Note
-------+----------+-------------------------------------------
     0 | D:1      | kingofthe the Spriggan Enchanter began the quest for the
                  | Orb.
     0 | D:1      | Reached XP level 1. HP: 9/9 MP: 5/5
   252 | D:1      | Reached skill level 3 in Dodging
   553 | D:1      | Reached XP level 2. HP: 13/13 MP: 6/6
   616 | D:1      | Reached skill level 5 in Stealth
   625 | D:1      | Found a faded altar of an unknown god.
  1523 | D:2      | Reached XP level 3. HP: 16/16 MP: 8/8
  1781 | D:2      | Reached skill level 4 in Dodging
  2087 | D:2      | Identified the +2 plate armour of the Thirsty Bones {rElec
                  | rC- Dex+2}
  2134 | D:2      | Reached skill level 6 in Stealth
  2300 | D:3      | Learned a level 2 spell: Ensorcelled Hibernation
  2404 | D:3      | Reached XP level 4. HP: 21/21 MP: 9/9
  2419 | D:3      | Reached skill level 3 in Spellcasting
  2419 | D:3      | Reached skill level 4 in Hexes
  3240 | D:3      | Reached XP level 5. HP: 10/24 MP: 4/11
  3246 | D:3      | Killed from afar by an orc priest

Vanquished Creatures
  2 orc priests (D:3)
  3 adders
  2 dart slugs
  8 orcs (D:3)
  6 bats
  6 endoplasms
  4 giant cockroaches (D:2)
  6 goblins
  3 hobgoblins
  4 jackals (D:3)
  4 quokkas
  3 ball pythons
  4 frilled lizards
  7 kobolds
  5 rats
67 creatures vanquished.

Table legend: (Time is in decaauts)
 A = Elapsed time spent in this place.
 B = Non-inter-level travel time spent in this place.
 C = Inter-level travel time spent in this place.
 D = Time resting spent in this place.
 E = Time spent auto-exploring this place.
 F = Levels seen in this place.
 G = Mean time per level.
                   A        B        C        D        E       F      G
               +--------+--------+--------+--------+--------+-----+--------+
         Total |   2383 |   2334 |     49 |    339 |   1514 |   3 |  794.3 |
       Dungeon |   2383 |   2334 |     49 |    339 |   1514 |   3 |  794.3 |
               +--------+--------+--------+--------+--------+-----+--------+

Top non-repeatable levels by time:
     D:1: 1131 daAuts
     D:2: 709 daAuts
     D:3: 542 daAuts

Table legend:
 A = Non-vault XP
 B = Vault XP
 C = Vault XP percentage of total XP
 D = Non-vault monster count
 E = Vault monster count
 F = Vault count percentage of total count
                 A         B        C        D         E       F
            +---------+---------+-------+---------+---------+-------
      Total |     205 |      34 |  14.2 |      56 |      11 |  16.4
            +---------+---------+-------+---------+---------+-------
        D:1 |      38 |       0 |   0.0 |      24 |       0 |   0.0
        D:2 |      41 |       7 |  14.6 |      17 |       3 |  15.0
        D:3 |     126 |      27 |  17.6 |      15 |       8 |  34.8
            +---------+---------+-------+---------+---------+-------
